 Dungeon Crawl Stone Soup version 0.22-a0-305-gd21a89c538 (webtiles) character file.

129 Oravi the Ducker (level 5, -2/33 HPs)
             Began as a Kobold Hunter on Mar 31, 2018.
             Was an Initiate of Dithmenos.
             Slain by a bullfrog skeleton (7 damage)
             ... on level 4 of the Dungeon.
             The game lasted 00:11:59 (2573 turns).

Oravi the Ducker (Kobold Hunter)                    Turns: 2573, Time: 00:12:00

Health: -2/33      AC:  4    Str: 11    XL:     5   Next: 35%
Magic:  5/5        EV: 26    Int: 12    God:    Dithmenos [......]
Gold:   105        SH:  0    Dex: 18    Spells: 4/4 levels left

rFire    + . .     SeeInvis .   a - +1 hand crossbow
rCold    + . .     Gourm    .   (shield restricted)
rNeg     . . .     Faith    .   c - +0 leather armour
rPois    +         Spirit   .   (no helmet)
rElec    +         Reflect  .   (no cloak)
rCorr    +         Harm     .   (no gloves)
MR       .....                  (no boots)
Stlth    +++.......             (no amulet)
HPRegen  0.11/turn              l - +3 ring of evasion
MPRegen  0.09/turn              (no ring)

@: agile, resistant, flying
A: small, carnivore, clumsy 1, robust 1, shaggy fur 1
a: Renounce Religion


You were on level 4 of the Dungeon.
You worshipped Dithmenos.
Dithmenos was noncommittal.
You were very full.

You visited 1 branch of the dungeon, and saw 4 of its levels.

You collected 105 gold pieces.

Inventory:

Hand Weapons
 a - a +1 hand crossbow (weapon)
 b - a +1 dagger of venom
 w - a +0 short sword
Missiles
 d - 21 bolts (quivered)
Armour
 c - a +0 leather armour (worn)
Jewellery
 l - a +3 ring of evasion (left hand)
 n - an uncursed ring of positive energy {unknown}
 s - a +4 amulet of reflection {unknown}
Wands
 t - a wand of paralysis (7)
Scrolls
 h - 5 scrolls of identify
 i - a scroll of noise
 m - a scroll of remove curse
Potions
 e - 3 potions of agility
 g - a potion of resistance
 p - a potion of mutation
 q - a potion of curing {unknown}
 r - 2 potions of might
 u - a potion of cancellation {unknown}
Comestibles
 f - 8 rations
 v - 7 chunks of flesh


   Skills:
 - Level 2.1 Fighting
 + Level 2.6 Short Blades
 - Level 5.0 Crossbows
 + Level 5.4 Dodging
 - Level 1.3 Stealth


You had 4 spell levels left.
You didn't know any spells.

Dungeon Overview and Level Annotations

Branches:
Dungeon (4/15)
 Temple: D:4-7

Altars:
Cheibriados
Dithmenos
Elyvilon
Qazlal
Trog
Wu Jian

Annotations:
D:4 Menkaure


Innate Abilities, Weirdness & Mutations

You are small and have problems with some larger weapons.
You are carnivorous and can eat meat at any time.
You are clumsy. (Dex -2)
You are robust. (+10% HP)
You are covered in fur. (AC +1)


Message History

a club; a hunting sling; 21 stones; a goblin skeleton
Items here: )))) [[ ÷ † You see here a stone.
The bullfrog skeleton hits you.
* * * LOW HITPOINT WARNING * * *
You feel agile all of a sudden.
The bullfrog skeleton closely misses you.
It was a potion of resistance.
You feel protected.
The bullfrog skeleton completely misses you.
The bullfrog skeleton barely misses you.
It was a potion of flight.
You feel very buoyant.
You fly up into the air.
The bullfrog skeleton completely misses you.
It was a potion of mutation.
You feel extremely strange.
You feel clumsy.
You feel robust. Fur sprouts all over your body.
The bullfrog skeleton's inner flame fades away.
The bullfrog skeleton hits you!
You die...

..#..#..#.#
..#.....#.#
.)##.#..#.#
........#.#
.###.####.#
..........########
.................#
.....###########(#
.....# #@# ##.###
#Z# *#+#****** #.#
,,,,,,,,,* #.#
,,,,,,,,,* #(#
,,,,,,,,,* #)#
,,,,,,,,,* #)#
,,,,,,,,,* #M#
,,,,,,,,,* ####.#


You could see Menkaure and a bullfrog skeleton.

Vanquished Creatures
  Jessica (D:3)
  Robin (D:4)
  An ooze (D:1)
  3 worms
  A dart slug (D:1)
  4 leopard geckos
  3 orcs (D:3)
  2 giant cockroaches
  8 goblins
  11 hobgoblins
  7 jackals
  9 kobolds
  3 ball pythons
  A bat (D:1)
  3 frilled lizards
  9 rats
67 creatures vanquished.

Notes
Turn   | Place    | Note
-------+----------+-------------------------------------------
     0 | D:1      | Oravi the Kobold Hunter began the quest for the Orb.
     0 | D:1      | Reached XP level 1. HP: 12/12 MP: 1/1
    22 | D:1      | Reached skill level 5 in Crossbows
    70 | D:1      | Reached XP level 2. HP: 17/17 MP: 2/2
   140 | D:1      | Found a snail-covered altar of Cheibriados.
   196 | D:1      | Reached XP level 3. HP: 18/21 MP: 3/3
   973 | D:2      | Found a white marble altar of Elyvilon.
  1304 | D:3      | Reached skill level 1 in Short Blades
  1330 | D:2      | Reached XP level 4. HP: 12/26 MP: 4/4
  1638 | D:3      | Noticed Jessica
  1638 | D:3      | Killed Jessica
  1646 | D:3      | Reached skill level 5 in Dodging
  1992 | D:3      | Noticed a moth of wrath
  1995 | D:3      | Found a bloodstained altar of Trog.
  2071 | D:3      | Found a shadowy altar of Dithmenos.
  2071 | D:3      | Found an ornate altar of the Wu Jian Council.
  2074 | D:3      | Became a worshipper of Dithmenos the Shadowed
  2106 | D:4      | Reached XP level 5. HP: 30/30 MP: 5/5
  2138 | D:4      | Found a stormy altar of Qazlal.
  2333 | D:4      | Noticed Robin
  2363 | D:4      | Killed Robin
  2529 | D:4      | Noticed Menkaure
  2573 | D:4      | Gained mutation: You are clumsy. (Dex -2) [potion of mutation]
  2573 | D:4      | Gained mutation: You are robust. (+10% HP) [potion of mutation]
  2573 | D:4      | Gained mutation: You are covered in fur. (AC +1) [potion of mutation]
  2573 | D:4      | Slain by a bullfrog skeleton

Vault maps used:
D:1:      sevenhm_arrival_forest_fort_small_4, serial_glass, glass_columns_a,
          glass_columns_b, glass_columns_a, glass_columns_a, glass_columns_b,
          glass_columns_c, glass_columns_c, glass_columns_b,
          minmay_misc_feat_room, cheibriados_altar_1
D:2:      elyvilon_altar_4
D:3:      tgw_trog, gammafunk_temple_overflow_elements, first_ration,
          uniq_jessica
D:4:      serial_glass, glass_columns_a, glass_columns_a,
          nicolae_qazlal_style_of_elements, uniq_menkaure, uniq_robin

Skill      XL: |  1  2  3  4 |
---------------+-------------+-----
Crossbows      | 5 |  5.0
Dodging        | 3 4 5 |  5.4
Short Blades   | 1 2 |  2.6
Fighting       | |  2.1
Stealth        | |  1.3

Action                   |  1- 3 |  4- 6 || total
-------------------------+-------+-------++-------
Melee: Short sword       |    42 |    19 ||    61
 Fire: Hand crossbow     |    51 |    54 ||   105
  Use: Potion            |     1 |     4 ||     5
       Scroll            |       |     5 ||     5
  Eat: Chunk             |     7 |     6 ||    13
Armor: Leather armour    |     9 |     3 ||    12
Dodge: Dodged            |    42 |    31 ||    73

Table legend:
 A = Spawn XP
 B = Non-spawn XP
 C = Spawn XP percentage of total XP
 D = Spawn monster count
 E = Non-spawn monster count
 F = Spawn count percentage of total count
 G = Total turns spent on level
                    A         B        C        D         E        F      G
               +---------+---------+-------+---------+---------+-------+---------
         Total |       0 |     185 |   0.0 |       0 |      67 |   0.0 |  2573
               +---------+---------+-------+---------+---------+-------+---------
           D:1 |       0 |      52 |   0.0 |       0 |      25 |   0.0 |   669
           D:2 |       0 |      17 |   0.0 |       0 |      10 |   0.0 |   860
           D:3 |       0 |      69 |   0.0 |       0 |      18 |   0.0 |   647
           D:4 |       0 |      47 |   0.0 |       0 |      14 |   0.0 |   397
               +---------+---------+-------+---------+---------+-------+---------
